AoeStats
← SaulGoodman69

Black Forest

507188678Analyzed
4v4 RM · 13d ago on Sep 17, 2026· 42m 14s· 8 players
Game mode
Random Map
Map size
Large (8 player)
Population
200
Speed
Normal
Resources
Standard
Victory
Conquest
Starting age
Dark Age
Ending age
Imperial Age
RankedLock teamsTeams togetherTeam positionsShared explorationLock speedFull tech treeHidden civsTurbo modeCheats
Victory
Defeat
🇨🇱 Bohemians · Chile
1157
+15
🇺🇸 Bengalis · United States
1148
+15
🇨🇴 Goths · Colombia
1146
+15
🇨🇴 Teutons · Colombia
1004
+22
🇦🇷 Turks · Argentina
1183
-19
🇦🇷 Persians · Argentina
1147
-17
🇨🇱 Koreans · Chile
1100
-16
🇦🇷 Khmer · Argentina
1079
-15
Nanox
11:05 Feudal Age
15:37 Forging
22:35 Castle Age
20:45 Horse Collar
20:54 Double-Bit Axe
22:27 Gold Mining
24:15 Loom
28:19 Wheelbarrow
31:11 Imperial Age
31:19 Scale Barding Armor
31:36 Bloodlines
32:26 Bow Saw
32:17 Town Watch
34:07 Two-Man Saw
GranateCampeón
0:46 Loom
11:35 Feudal Age
16:43 Castle Age
14:32 Horse Collar
14:38 Double-Bit Axe
14:46 Gold Mining
17:37 Bow Saw
17:47 Bow Saw
18:23 Heavy Plow
22:44 Wheelbarrow
21:54 Town Watch
26:18 Gold Shaft Mining
28:51 Hand Cart
31:12 Imperial Age
28:38 Stone Mining
30:42 Stone Shaft Mining
30:20 Forging
30:15 Scale Barding Armor
30:16 Fletching
32:27 Chemistry
31:05 Onager
33:16 Two-Man Saw
32:52 Bodkin Arrow
33:09 Masonry
33:20 Ballistics
32:56 Murder Holes
34:07 Crop Rotation
36:30 Iron Casting
36:15 Chain Barding Armor
36:30 Iron Casting
36:15 Chain Barding Armor
37:16 Conscription
37:28 Architecture
37:17 Bloodlines
37:08 Husbandry
36:28 Cavalier
36:44 Pikeman
37:24 Squires
37:10 Gambesons
37:26 Scale Mail Armor
38:29 Blast Furnace
39:00 Plate Barding Armor
38:51 Savar
Sir Monkey
3:18 Loom
10:45 Feudal Age
15:04 Castle Age
22:40 Double-Bit Axe
26:00 Bow Saw
33:02 Imperial Age
30:54 Gold Mining
33:10 Caravan
34:21 Wheelbarrow
33:32 Town Watch
35:22 Chemistry
Nichelson3360
1:55 Loom
13:50 Feudal Age
18:22 Fletching
26:16 Castle Age
25:25 Wheelbarrow
24:39 Double-Bit Axe
24:35 Horse Collar
24:47 Gold Mining
24:52 Stone Mining
27:00 Wheelbarrow
28:17 Bow Saw
29:27 Heavy Plow
30:07 Fortified Wall
32:08 Hand Cart
31:59 Bodkin Arrow
33:25 Gold Shaft Mining
34:25 Masonry
39:00 Imperial Age
37:20 Forging
37:10 Scale Mail Armor
38:55 Iron Casting
38:22 Squires
38:08 Gambesons
38:08 Arson
ABRAXAS
8:17 Loom
10:38 Feudal Age
14:49 Castle Age
13:34 Double-Bit Axe
13:32 Horse Collar
17:49 Bow Saw
19:19 Heavy Plow
20:49 Wheelbarrow
21:10 Gold Mining
24:31 Gold Shaft Mining
24:42 Hand Cart
25:29 Town Watch
25:49 Caravan
30:26 Imperial Age
28:06 Scale Barding Armor
28:15 Forging
28:50 Paiks
29:32 Bloodlines
29:23 Husbandry
29:45 Chain Barding Armor
29:16 Fletching
29:47 Chain Barding Armor
30:26 Fletching
30:56 Elite Battle Elephant
32:15 Plate Barding Armor
32:07 Conscription
32:54 Iron Casting
34:07 Ballistics
34:24 Crop Rotation
34:59 Two-Man Saw
36:33 Blast Furnace
37:52 Mahayana
37:58 Stone Mining
40:16 Chemistry
39:22 Siege Engineers
40:20 Devotion
40:18 Bodkin Arrow
juanfer0002
0:33 Loom
2:25 Loom
10:23 Feudal Age
10:49 Man-at-Arms
18:02 Double-Bit Axe
24:10 Castle Age
22:50 Gold Mining
23:08 Scale Mail Armor
23:38 Horse Collar
25:41 Bow Saw
25:46 Fletching
26:00 Stone Mining
27:55 Chain Mail Armor
34:17 Imperial Age
32:49 Forging
33:39 Pikeman
34:53 Capped Ram
37:54 Heavy Plow
39:08 Halberdier
40:29 Iron Casting
41:09 Wheelbarrow
41:36 Chemistry
41:06 Squires
42:16 Blast Furnace
kacter99
1:18 Loom
20:34 Feudal Age
21:17 Double-Bit Axe
21:14 Horse Collar
31:25 Castle Age
30:10 Scale Mail Armor
30:21 Forging
30:54 Arson
31:40 Fletching
32:39 Stone Mining
32:43 Gold Mining
34:30 Iron Casting
34:11 Chain Mail Armor
36:34 Ballistics
36:27 Masonry
37:38 Wheelbarrow
37:21 Bow Saw
41:34 Hand Cart
SaulGoodman69
2:14 Loom
13:06 Feudal Age
14:33 Wheelbarrow
13:49 Double-Bit Axe
14:53 Horse Collar
18:14 Castle Age
26:10 Fletching
26:20 Padded Archer Armor
28:16 Heavy Plow
28:32 Bow Saw
28:11 Light Cavalry
31:56 Imperial Age
31:58 Chemistry
32:11 Forging
32:01 Scale Mail Armor
32:06 Scale Barding Armor
31:56 Bodkin Arrow
32:16 Leather Archer Armor
33:57 Ballistics
33:36 Murder Holes
33:23 Treadmill Crane
36:00 Wagenburg Tactics
36:15 Conscription
37:33 Houfnice
39:02 Iron Casting
38:42 Chain Mail Armor
38:47 Chain Barding Armor
38:59 Husbandry
39:23 Conscription
40:09 Bracer
40:24 Leather Archer Armor
41:10 Blast Furnace
40:31 Chain Barding Armor
42:39 Plate Mail Armor
Connection lost

Rejoining the realm…

Still unreachable

The connection could not be restored.

Session expired

The server has moved on; the page needs a fresh start.